 Dungeon Crawl Stone Soup version 0.20.1-1-g8b1a95d (webtiles) character file.

606 ANON1729 the Sneak (level 7, -8/41 HPs)
             Began as an Octopode Wizard on Aug 6, 2017.
             Killed by divine providence
             ... invoked by an orc priest
              (10 damage)
             ... on level 4 of the Dungeon.
             The game lasted 00:15:45 (5848 turns).

ANON1729 the Sneak (Octopode Wizard)                Turns: 5848, Time: 00:15:46

Health: -8/41      AC:  1    Str:  7    XL:     7   Next: 42%
Magic:  6/14       EV: 13    Int: 27    God:
Gold:   270        SH:  0    Dex: 10    Spells: 6/15 levels left

rFire    . . .     SeeInvis .   e - +1 dagger (venom)
rCold    + . .     Gourm    .   (no shield)
rNeg     . . .     Faith    .   a - +0 hat
rPois    .         Spirit   .   (no amulet)
rElec    .         Reflect  .   (no ring)
rCorr    .         Harm     .   (no ring)
MR       .....                  (no ring)
Stlth    ++++......             (no ring)
Regen    0.2/turn               (no ring)
MPRegen  0.2/turn               (no ring)
                                (no ring)
                                (no ring)

@: brilliant, very slightly contaminated
A: almost no armour, stealthy swim, amphibious, 8 rings, constrict 8, camouflage
1, cold resistance 1, sense surroundings 1, gelatinous body 1
a: no special abilities


You were on level 4 of the Dungeon.
You were not hungry.

You visited 1 branch of the dungeon, and saw 4 of its levels.

You collected 270 gold pieces.

Inventory:

Hand Weapons
 e - a +1 dagger of venom (weapon)
 r - a +2 flail of protection
Armour
 a - a +0 hat (worn)
Wands
 u - a wand of polymorph (6/24)
 w - a wand of disintegration (14/24)
Scrolls
 d - 2 scrolls of identify {unknown}
 f - 3 scrolls of teleportation {unknown}
 k - 2 scrolls of enchant weapon {unknown}
 l - a scroll of random uselessness {unknown}
 m - a scroll of recharging {unknown}
 o - 2 scrolls of remove curse {unknown}
 p - a scroll of fog {unknown}
 q - 2 scrolls of fear {unknown}
 s - a scroll of enchant armour {unknown}
Potions
 h - 2 potions of mutation
 j - 2 potions of brilliance
 n - a potion of cancellation {unknown}
 x - a potion of flight {unknown}
Books
 b - a book of Minor Magic

   Spells                             Type                      Level
   a - Magic Dart                     Conjuration                  1
   b - Blink                          Translocation                2
   c - Call Imp                       Summoning                    2
   d - Slow                           Hexes                        2
   e - Conjure Flame                  Conjuration/Fire             3
   f - Mephitic Cloud                 Conjuration/Poison/Air       3
Comestibles
 c - 2 bread rations
 g - a royal jelly
 i - 2 meat rations
 v - 3 fruits


   Skills:
 - Level 3.0 Dodging
 + Level 5.8 Stealth
 + Level 4.8 Spellcasting
 + Level 3.6 Conjurations
   Level 1.0 Summonings
   Level 1.0 Translocations
 + Level 2.8 Fire Magic


You had 6 spell levels left.
You knew the following spells:

 Your Spells              Type           Power        Failure   Level  Hunger
a - Magic Dart            Conj           ####         1%          1    None
b - Conjure Flame         Conj/Fire      #####...     1%          3    #......
c - Mephitic Cloud        Conj/Pois/Air  ####....     1%          3    #......
d - Slow                  Hex            ###.....     1%          2    None


Dungeon Overview and Level Annotations

Branches:
Dungeon (4/15)
 Temple: D:4-7

Altars:


Innate Abilities, Weirdness & Mutations

You cannot wear most types of armour.
You are very stealthy in the water. (Stealth+)
You are amphibious.
You can wear up to eight rings at the same time.
You can use your tentacles to constrict eight enemies at once.
Your skin changes colour to match your surroundings (Stealth+).
Your rubbery body absorbs attacks. (AC +1, EV +1)
Your flesh is cold resistant. (rC+)
You passively map a small area around you.


Message History

Press: ? - help, Shift-Dir - straight line, f/p - orc priest
Aim: an orc priest, wielding a falchion and wearing a ring mail (moderately wounded, constricted by you)
The magic dart hits the orc priest.
The orc priest is moderately wounded.
You constrict the orc priest.
The orc priest calls down the wrath of Beogh upon you.
Beogh smites you!
* * * LOW HITPOINT WARNING * * *
The orc barely misses you.
It was a potion of mutation.
You feel extremely strange.
You feel resistant to cold.
You feel a strange attunement to the structure of the dungeons.
You constrict the orc priest. The orc priest barely misses you.
The orc barely misses you.
It was a potion of brilliance.
You feel clever all of a sudden.
You constrict the orc priest.
The orc priest calls down the wrath of Beogh upon you.
Beogh smites you!
You die...

#.## .#......# #.#
........# #.# #......#
##.# #......# ##..#
#......# #...##
#......# #$.###
#......####### #..###
#....@))(....# ##..##.
###.#oo###...###..$#..
#......# #............
#......# #)..##...##.#
#..⌠..## #...#...###!#
#....[# ##.....##....
#.....# #...<.....###
####..# ##..##.#####
##.# #[.###.#


You could see an orc priest and an orc.

Vanquished Creatures
  Sigmund (D:3)
  A howler monkey (D:4)
  2 orc priests
  2 orc wizards (D:4)
  Ijyb (D:4)
  2 worker ants (D:4)
  3 gnolls (D:2)
  8 adders
  An ooze (D:3)
  2 adder skeletons
  A worm (D:3)
  2 dart slugs (D:1)
  3 leopard geckos (D:3)
  6 orcs
  A ball python (D:3)
  15 bats
  5 giant cockroaches
  10 goblins
  7 hobgoblins
  5 jackals
  10 kobolds
  4 quokkas
  5 frilled lizards
  A quokka zombie (D:4)
  12 rats
110 creatures vanquished.

Notes
Turn   | Place    | Note
-------+----------+-------------------------------------------
     0 | D:1      | ANON1729 the Octopode Wizard began the quest for the Orb.
     0 | D:1      | Reached XP level 1. HP: 11/11 MP: 4/4
   292 | D:1      | Reached XP level 2. HP: 17/17 MP: 6/6
   408 | D:1      | Reached skill level 3 in Stealth
  1124 | D:1      | Reached XP level 3. HP: 10/21 MP: 3/7
  2055 | D:2      | Reached XP level 4. HP: 25/27 MP: 9/9
  2060 | D:2      | Learned a level 3 spell: Conjure Flame
  2064 | D:2      | Learned a level 3 spell: Mephitic Cloud
  2067 | D:2      | Learned a level 2 spell: Slow
  2658 | D:2      | Reached skill level 4 in Stealth
  2903 | D:2      | Reached XP level 5. HP: 31/31 MP: 4/10
  3639 | D:3      | Reached skill level 1 in Fire Magic
  4135 | D:3      | Noticed Sigmund
  4630 | D:3      | Killed Sigmund
  4630 | D:3      | Reached skill level 5 in Stealth
  4630 | D:3      | Reached XP level 6. HP: 36/36 MP: 8/12
  5098 | D:4      | Reached XP level 7. HP: 33/41 MP: 13/13
  5589 | D:4      | Noticed Ijyb
  5600 | D:4      | Killed Ijyb
  5846 | D:4      | HP: 2/41 [orc priest/divine providence (11)]
  5847 | D:4      | Gained mutation: Your flesh is cold resistant. (rC+) [potion of mutation]
  5847 | D:4      | Gained mutation: You passively map a small area around you. [potion of mutation]
  5848 | D:4      | Killed from afar by an orc priest

Skill      XL: |  1  2  3  4  5 |
---------------+----------------+-----
Stealth        | 3 4 5 |  5.8
Conjurations   | 2 3 |  3.6
Dodging        | 3 |  3.0
Spellcasting   | 4 |  4.8
Fire Magic     | 2 |  2.8
Summonings     | |  1.0
Translocations | |  1.0

Action                   |  1- 3 |  4- 6 |  7- 9 || total
-------------------------+-------+-------+-------++-------
Melee: Dagger            |    37 |   111 |    23 ||   171
       Unarmed           |     4 |       |       ||     4
       Tentacles         |     6 |    17 |     4 ||    27
       Constrict         |    10 |    39 |     8 ||    57
 Cast: Magic Dart        |    19 |    67 |    31 ||   117
       Slow              |       |     3 |       ||     3
       Mephitic Cloud    |       |     5 |       ||     5
       Conjure Flame     |       |     1 |       ||     1
  Use: Potion            |       |       |     2 ||     2
 Stab: Sleeping          |    13 |     6 |       ||    19
  Eat: Chunk             |     3 |    10 |     3 ||    16
Armor: Skin              |       |    16 |     2 ||    18
Dodge: Dodged            |    27 |    95 |    22 ||   144
